 Dungeon Crawl Stone Soup version 0.13-a0-1585-g6f4f798 (webtiles) character file.

721 Kae the Cudgeler (level 6, -5/53 HPs)
             Began as a Minotaur Berserker on June 12, 2013.
             Was a Priest of Trog.
             Slain by a gnoll
             ... wielding a +0,+0 flail
              (9 damage)
             ... on Level 4 of the Dungeon.
             The game lasted 00:05:40 (2278 turns).

Kae the Cudgeler (Minotaur Berserker)               Turns: 2278, Time: 00:05:40

HP  -5/53        AC  6     Str 22      XL: 6   Next: 94%
MP   2/2         EV 10     Int  4      God: Trog [***...]
Gold 221         SH 19     Dex 11      Spells:  0 memorised,  5 levels left

Res.Fire  : . . .   See Invis. : .   t - +0,+1 flail (crush)
Res.Cold  : . . .   Warding    : .   i - +0 leather armour {rN+}
Life Prot.: + . .   Conserve   : .   j - +0 shield
Res.Poison: .       Res.Corr.  : .   (helmet restricted)
Res.Elec. : .       Clarity    : .   y - +2 cloak
Sust.Abil.: . .     Spirit.Shd : .   (no gloves)
Res.Mut.  : .       Stasis     : .   (no boots)
Res.Rott. : .       Flight     : .   (no amulet)
Saprovore : . . .                    (no ring)
                                     (no ring)

@: exhausted, slowed, very slow, slightly resistant to hostile enchantments,
very unstealthy
A: retaliatory headbutt, horns 2
a: Burn Spellbooks, Berserk, Trog's Hand, Renounce Religion


You were on level 4 of the Dungeon.
You worshipped Trog.
Trog was greatly pleased with you.
You were near starving.

You visited 1 branch of the dungeon, and saw 4 of its levels.

You collected 201 gold pieces.

Inventory:

Hand weapons
 a - a +0,+0 mace
 b - a +0,+0 hammer
 t - a +0,+1 flail of crushing (weapon)
Armour
 i - a +0 leather armour of positive energy (worn)
 j - a +0 shield (worn)
 y - a +2 cloak (worn)
Comestibles
 c - 2 bread rations
 d - 3 meat rations
 g - a banana
 m - a rotting chunk of jackal flesh
 u - 2 pears
 v - 2 apples
 B - 2 chunks of goblin flesh
Scrolls
 e - 2 scrolls of curse jewellery {unknown}
 f - 3 scrolls of identify {unknown}
 h - a scroll of enchant weapon II {unknown}
 k - 2 scrolls of remove curse {unknown}
 l - 3 scrolls of teleportation {unknown}
 n - a scroll of fog {unknown}
 o - a scroll of random uselessness {unknown}
 r - a scroll of recharging {unknown}
 s - a scroll of noise {unknown}
 x - a scroll of blinking {unknown}
 z - a scroll of curse weapon {unknown}
 C - a scroll of enchant weapon I {unknown}
Potions
 p - 2 potions of flight {unknown}
 q - a potion of curing {unknown}
 w - a potion of confusion {unknown}
 A - a potion of poison


   Skills:
 + Level 5.0 Fighting
 * Level 6.1 Maces & Flails
 + Level 4.1 Armour
 + Level 4.0 Dodging
 + Level 3.2 Shields


You had 5 spell levels left.
You didn't know any spells.

Dungeon Overview and Level Annotations

Branches:
Dungeon (4/27)
 Temple: D:4-7

Altars:


Innate Abilities, Weirdness & Mutations

You reflexively headbutt those who attack you in melee.
You have a pair of horns on your head.


Message History

You block the gnoll's attack. The gnoll shaman hits you with a whip.
You block the gnoll's attack. The gnoll hits you but does no damage.
The gnoll hits you with a flail.
* * * LOW HITPOINT WARNING * * *
Your skin stops crawling.
You feel less resistant to hostile enchantments.
The gnoll picks up a whip.
The gnoll wields a whip.
The gnoll picks up a club.
You block the gnoll shaman's attack.
Unknown command.
You barely miss the gnoll.
The gnoll is heavily wounded.
The gnoll hits you with a flail.
* * * LOW HITPOINT WARNING * * *
The gnoll shaman hits you with a whip.
* * * LOW HITPOINT WARNING * * *
You block the gnoll's attack. The gnoll hits you but does no damage.
The gnoll hits you with a flail.
* * * LOW HITPOINT WARNING * * *
The gnoll hits you with a flail!
You die...

######++##### ...............
.....ggg....... ......gg:......
....gg.gggg...... ##gg##
#######ggg.# +.....'.@g.+
#######....#
##########''''#############
...........................#
≈≈≈≈≈≈≈≈≈≈≈≈....≈≈≈≈≈≈≈≈≈≈≈≈##
≈≈≈≈≈≈≈≈≈≈≈≈....≈≈≈≈≈≈≈≈≈≈≈≈≈≈
≈≈≈≈≈≈≈≈≈≈≈≈....≈≈≈≈≈≈≈≈≈≈≈≈≈≈
...............................
.######.#####.........########


You could see a gnoll shaman and 14 gnolls.

Vanquished Creatures
  An ogre (D:4)
  Sigmund (D:3)
  A centaur skeleton (D:4)
  Crazy Yiuf (D:3)
  A gnoll shaman (D:4)
  A worker ant (D:4)
  Terence (D:2)
  10 gnolls
  3 adders (D:2)
  2 worms
  An ooze (D:4)
  4 orcs (D:3)
  9 bats
  A giant cockroach (D:1)
  4 goblins
  4 hobgoblins
  8 kobolds
  2 quokkas
  2 giant geckos
  3 giant newts
  7 jackals
  A jackal skeleton (D:4)
  8 rats
76 creatures vanquished.

Notes
Turn   | Place    | Note
--------------------------------------------------------------
     0 | D:1      | Kae, the Minotaur Berserker, began the quest for the Orb.
     0 | D:1      | Reached XP level 1. HP: 19/19 MP: 0/0
   200 | D:1      | Reached XP level 2. HP: 15/26 MP: 0/0
   380 | D:1      | Acquired Trog's second power
   380 | D:1      | Reached skill level 4 in Maces & Flails
   674 | D:2      | Reached XP level 3. HP: 31/33 MP: 1/1
   767 | D:2      | Noticed Terence
   774 | D:2      | Killed Terence
   774 | D:2      | Reached skill level 1 in Shields
  1094 | D:3      | Noticed Sigmund
  1098 | D:3      | Reached XP level 4. HP: 40/40 MP: 1/1
  1101 | D:3      | Killed Sigmund
  1101 | D:3      | Reached skill level 5 in Maces & Flails
  1101 | D:3      | Reached XP level 5. HP: 46/46 MP: 1/1
  1442 | D:3      | HP: 2/46 [gnoll/flail (4)]
  1450 | D:3      | HP: 2/46 [poison (a potion of poison)]
  1737 | D:3      | Noticed Crazy Yiuf
  1747 | D:3      | Killed Crazy Yiuf
  1904 | D:4      | Reached XP level 6. HP: 50/53 MP: 2/2
  2025 | D:4      | Noticed an ogre
  2029 | D:4      | Killed an ogre
  2131 | D:4      | Reached skill level 6 in Maces & Flails
  2259 | D:4      | Noticed an ogre
  2264 | D:4      | Reached skill level 5 in Fighting
  2278 | D:4      | Slain by a gnoll

Action                   |  1- 3 |  4- 6 || total
-------------------------+-------+-------++-------
Melee: Mace              |    59 |       ||    59
       Flail             |    16 |   109 ||   125
Invok: Berserk           |     2 |     2 ||     4
       Trog's Hand       |       |     2 ||     2
  Use: Potion            |       |     3 ||     3
